 Dungeon Crawl Stone Soup version 0.29-a0-2-g12fcac58f8 (webtiles) character file.

Game seed: 2386414353638780830

113 HallandMoats the Ruffian (level 4, -4/40 HPs)
             Began as a Ghoul Monk on Jan 27, 2022.
             Was an Elder of Fedhas.
             Slain by an iguana (6 damage)
             ... on level 3 of the Dungeon.
             The game lasted 00:02:41 (2435 turns).

HallandMoats the Ruffian (Ghoul Monk)               Turns: 2435, Time: 00:02:42

Health: -4/40      AC:  5    Str: 16    XL:     4   Next: 96%
Magic:  4/4        EV: 11    Int:  5    God:    Fedhas [****..]
Gold:   75         SH:  0    Dex: 11    Spells: 3/3 levels left

rFire   . . .      SeeInvis .     - Unarmed
rCold   + . .      Faith    .   (no shield)
rNeg    + + +      Spirit   .   e - +0 ring mail
rPois   ∞          Reflect  .   (no helmet)
rElec   .          Harm     .   (no cloak)
rCorr   .          Rampage  .   (no gloves)
Will    .....                   (no boots)
Stlth   +.........              (no amulet)
HPRegen 0.00/turn               (no ring)
MPRegen 0.09/turn               (no ring)

@: inhibited regen
A: claws 1, cold resistance 1, negative energy resistance 3, inhibited
regeneration, torment resistance 2
a: Renounce Religion, Wall of Briars, Grow Ballistomycete, Overgrow


You were on level 3 of the Dungeon.
You worshipped Fedhas.
Fedhas was greatly pleased with you.
You visited 1 branch of the dungeon, and saw 3 of its levels.

You collected 75 gold pieces.

Inventory:

Missiles
 f - a throwing net (quivered)
Armour
 e - a +0 ring mail (worn)
Scrolls
 a - 2 scrolls of identify {unknown}
 b - 2 scrolls of teleportation {unknown}
 c - a scroll of holy word {unknown}
 d - 2 scrolls of enchant armour {unknown}
 i - a scroll of amnesia {unknown}
 j - a scroll of immolation {unknown}
Potions
 g - 2 potions of lignification {unknown}
 h - a potion of haste {unknown}


   Skills:
 * Level 4.1 Fighting
 + Level 1.0 Armour
 + Level 3.1 Dodging
 - Level 2.1 Stealth
 * Level 4.1 Unarmed Combat
 * Level 2.2 Invocations


You had 3 spell levels left.
You didn't know any spells.
Your spell library contained the following spells:

 Spells                   Type           Power      Damage    Failure   Level
 Ozocubu's Armour         Ice            0%         N/A       97%         3
 Metabolic Englaciation   Hex/Ice        0%         N/A       100%        5
 Simulacrum               Ice/Necr       0%         N/A       100%        6


Dungeon Overview and Level Annotations

Branches:
Dungeon (3/15)

Altars:
Fedhas


Innate Abilities, Weirdness & Mutations

You thrive by killing the living.
You are immune to poison.
You have sharp fingernails.
Your flesh is cold resistant. (rC+)
You are immune to negative energy. (rN+++)
You do not regenerate when monsters are visible.
You are immune to unholy pain and torment.


Message History

You are too injured to fight recklessly!
You are too injured to fight recklessly!
You are too injured to fight recklessly!
You are too injured to fight recklessly!
You are too injured to fight recklessly!
You are too injured to fight recklessly!
You are too injured to fight recklessly!
You are too injured to fight recklessly!
You are too injured to fight recklessly!
You are too injured to fight recklessly!
You are too injured to fight recklessly!
You are too injured to fight recklessly!
You are too injured to fight recklessly!
You are too injured to fight recklessly!
You are too injured to fight recklessly!
You are too injured to fight recklessly!
You are too injured to fight recklessly!
You are too injured to fight recklessly!
You scratch the iguana but do no damage.
The iguana is almost dead.
The iguana bites you!
* * * LOW HITPOINT WARNING * * *
You scratch the iguana but do no damage.
The iguana is almost dead.
The iguana closely misses you.
You closely miss the iguana.
The iguana is almost dead.
The iguana closely misses you.
You barely miss the iguana.
The iguana is almost dead.
The iguana bites you but does no damage.
You barely miss the iguana.
The iguana is almost dead.
The iguana bites you.
* * * LOW HITPOINT WARNING * * *
You scratch the iguana but do no damage.
The iguana is almost dead.
The iguana bites you.
You die...
Fedhas appreciates your contribution to the ecosystem.

...†...................##.#..#
#
................##.##..##.#..#
#
#..................#....#.#..#
#
########.#.#<....#.###.##.#..#
# #.#.#.###.#........#..# #
####.#.#.# #.#####.......####
#......#.# #.................
#......#.###############†####
#......#....@l...#.....#.#
#......#########.#.###.#.#
#......# #.# #.#.# #......#
#.# #.#.# #######.#.# #.#
#.#.# ........#.# #.# #.#.#
#########.###########.# #.#.#
#...##...)......# #.#.#
#.#.##.############.#.#


You could see an iguana.

Vanquished Creatures
  3 adders
  A dart slug (D:2)
  8 orcs
  4 endoplasms
  A giant cockroach (D:2)
  5 hobgoblins
  4 jackals (D:1)
  3 quokkas (D:2)
  7 ball pythons
  11 bats
  6 frilled lizards
  5 goblins
  10 kobolds
  7 rats
75 creatures vanquished.

Notes
Turn   | Place    | Note
-------+----------+-------------------------------------------
     0 | D:1      | HallandMoats the Ghoul Monk began the quest for the Orb.
     0 | D:1      | Reached XP level 1. HP: 19/19 MP: 0/0
    66 | D:1      | Found a faded altar of an unknown god.
    81 | D:1      | Prayed at the altar of an unknown god.
    81 | D:1      | Became a worshipper of Fedhas Madash
    81 | D:1      | Reached * piety under Fedhas
    81 | D:1      | Reached ** piety under Fedhas
   137 | D:1      | Reached XP level 2. HP: 24/26 MP: 1/1
   248 | D:1      | Reached *** piety under Fedhas
   413 | D:1      | Reached XP level 3. HP: 33/33 MP: 2/2
   763 | D:2      | Reached skill level 1 in Invocations
   871 | D:2      | Reached **** piety under Fedhas
   999 | D:2      | Reached XP level 4. HP: 40/40 MP: 4/4
  2369 | D:3      | Reached skill level 1 in Armour
  2434 | D:3      | HP: 2/40 [iguana (6)]
  2435 | D:3      | Slain by an iguana

Illustrated notes

Levels and vault maps discovered:
D:1:      dpeg_arrival_subterranean_lakeside_camping, layout_loops_ring,
          dreamdust_ecumenical_altar_grove
D:2:      layout_basic, grunt_ministairs_2, minmay_between
D:3:      layout_basic

Skill      XL: |  1  2  3  4 |
---------------+-------------+-----
Invocations    | 1 2 |  2.2
Fighting       | 4 |  4.1
Unarmed Combat | 4 |  4.1
Dodging        | 3 |  3.1
Armour         | 1 |  1.0
Stealth        | |  2.1

Action                   |  1- 3 |  4- 6 || total
-------------------------+-------+-------++-------
Melee: Unarmed           |   130 |    95 ||   225
       Punch             |     1 |     2 ||     3
 Stab: Sleeping          |     2 |     1 ||     3
Armor: Robe              |     6 |       ||     6
       Ring mail         |    39 |    33 ||    72
Dodge: Dodged            |    68 |    53 ||   121

Table legend: (Time is in decaauts)
 A = Elapsed time spent in this place.
 B = Non-inter-level travel time spent in this place.
 C = Inter-level travel time spent in this place.
 D = Time resting spent in this place.
 E = Time spent auto-exploring this place.
 F = Levels seen in this place.
 G = Mean time per level.
                   A        B        C        D        E       F      G
               +--------+--------+--------+--------+--------+-----+--------+
         Total |   2421 |   2356 |     65 |      0 |   1879 |   3 |  807.0 |
       Dungeon |   2421 |   2356 |     65 |      0 |   1879 |   3 |  807.0 |
               +--------+--------+--------+--------+--------+-----+--------+

Top non-repeatable levels by time:
     D:2: 953 daAuts
     D:1: 746 daAuts
     D:3: 721 daAuts
